Cogmind - Beta 12 X4 @@@ ROGUE MODE // 2023.01.08 @ 01:21:43 Player: Jezoensis Result: Destroyed by X-77 Beamer with Gatling Laser Performance ------------- Evolutions (5) 2500 Regions Visited (10) 2000 Robots Destroyed (2) 10 Value Destroyed (10) 10 Prototype IDs (0) 0 Alien Tech Used (0) 0 Bonus (2125) 2125 TOTAL SCORE: 6645 Bonus ------- Pacifist 1125 Entered Garrisons 200 Entered DSFs 500 Aligned with FarCom 300 Cogmind --------- Core Integrity 0/1000 Matter 300/300 Energy 100/100 System Corruption 0% Temperature Cool (60) Movement Core (50) Location -5/Garrison Parts ------- > --- POWER (1) -------- (None) > --- PROPULSION (6) --- (None) > --- UTILITY (8) ------ Terrain Scan Processor > --- WEAPON (2) ------- (None) > --- INVENTORY (5) ---- Small Storage Unit Medium Storage Unit Powered Hammer Greatsword Peak State ------------ > --- POWER ------------ (None) > --- PROPULSION ------- Medium Treads Medium Treads Medium Treads > --- UTILITY ---------- Structural Scanner Advanced Terrain Scanner Terrain Scan Processor > --- WEAPON ----------- Katana > --- INVENTORY -------- Small Storage Unit Medium Storage Unit Greatsword [Rating: 24] Favorites ----------- Power None Propulsion Medium Treads Treads Medium Treads Utility Terrain Scan Processor Device Advanced Terrain Scanner Processor Terrain Scan Processor Weapon Katana Slashing Weapon Katana Build | -11 -10 -10 -10 -9 -8 -7 -7 -6 -5 -5 ------- Run | Scr Mat Min Exi Min Mat Fac DSF Fac Fac Gar Slots Evolved 10 | . . . . . 4 2 . 2 2 . Power . | . . . . . . . . . . . Propulsion 4 | . . . . . 2 1 . 1 . . Utility 6 | . . . . . 2 1 . 1 2 . Weapon . | . . . . . . . . . . . Parts Attached 10 | . . . . . 1 . 4 4 1 . Power . | . . . . . . . . . . . Engine . | . . . . . . . . . . . Core . | . . . . . . . . . . . Reactor . | . . . . . . . . . . . Propulsion 4 | . . . . . . . 4 . . . Treads 4 | . . . . . . . 4 . . . Leg . | . . . . . . . . . . . Wheel . | . . . . . . . . . . . Hover . | . . . . . . . . . . . Flight . | . . . . . . . . . . . Utility 3 | . . . . . . . . 3 . . Device 2 | . . . . . . . . 2 . . Storage . | . . . . . . . . . . . Processor 1 | . . . . . . . . 1 . . Hackware . | . . . . . . . . . . . Protection . | . . . . . . . . . . . Artifact . | . . . . . . . . . . . Weapon 3 | . . . . . 1 . . 1 1 . Energy Gun . | . . . . . . . . . . . Energy Cannon . | . . . . . . . . . . . Ballistic Gun . | . . . . . . . . . . . Ballistic Cannon . | . . . . . . . . . . . Launcher . | . . . . . . . . . . . Special Weapon . | . . . . . . . . . . . Impact Weapon . | . . . . . . . . . . . Slashing Weapon 3 | . . . . . 1 . . 1 1 . Piercing Weapon . | . . . . . . . . . . . Special Melee Weapon . | . . . . . . . . . . . Unidentified Prototypes . | . . . . . . . . . . . Parts Lost 7 | . . . . . . . 1 6 . . Power . | . . . . . . . . . . . Propulsion 3 | . . . . . . . . 3 . . Utility 2 | . . . . . . . . 2 . . Weapon 2 | . . . . . . . 1 1 . . Highest Loss Streak 6 | . . . . . . . 1 6 . . To Critical Strikes . | . . . . . . . . . . . Average Slot Usage (%) 15 | . . . . . 7 7 24 31 5 5 Treads 7 | . . . . . . . 19 16 . . Device 2 | . . . . . . . . 7 . . Processor 1 | . . . . . . . . 2 5 5 Slashing Weapon 3 | . . . . . 7 7 5 3 . . Naked Turns 198 | . 11 81 77 7 22 . . . . . Heaviest Build 5 | . . . . . 2 2 2 4 5 . Greatest Support 3 | 3 3 3 3 3 3 3 3 3 3 3 Greatest Overweight (x) 1 | . . . . . . . . 1 1 . Average Overweight (x) . | . . . . . . . . . . . Largest Inventory Capacity 5 | 5 5 5 5 5 5 5 5 5 5 5 Average Capacity 5 | 5 5 5 5 5 5 5 5 5 5 5 Most Carried 5 | . 2 2 2 2 3 3 5 5 5 5 Average Carried 3 | . 1 2 2 2 2 3 4 4 4 5 Final Capacity 5 | 5 5 5 5 5 5 5 5 5 5 5 Final Carried 5 | . 2 2 2 2 3 3 5 5 3 5 Class Distribution -------------------- 78% | Mutant 18% | Assassin 3% | Scout Dominant Class ---------------- Mutant | -10/Materials Mutant | -10/Mines Mutant | -10/Exiles Mutant | -9/Mines Mutant | -8/Materials Mutant | -7/Factory Mutant | -7/DSF Assassin | -6/Factory Mutant | -5/Factory Mutant | -5/Garrison Resources | -11 -10 -10 -10 -9 -8 -7 -7 -6 -5 -5 ----------- Run | Scr Mat Min Exi Min Mat Fac DSF Fac Fac Gar Matter Collected 223 | 76 . 57 . . 48 . . 16 . 26 Remotely . | . . . . . . . . . . . Salvage Created 38 | . . . . . . . . 38 . . Parts 10 | . . . . . . . . 10 . . Haulers Intercepted . | . . . . . . . . . . . Recyclers Shooed 1 | . . . . . 1 . . . . . Parts Field Recycled . | . . . . . . . . . . . Retrieved Matter . | . . . . . . . . . . . Parts Self-Destructed . | . . . . . . . . . . . Prevented . | . . . . . . . . . . . Kills | -11 -10 -10 -10 -9 -8 -7 -7 -6 -5 -5 ------- Run | Scr Mat Min Exi Min Mat Fac DSF Fac Fac Gar Combat Hostiles Destroyed . | . . . . . . . . . . . Classes Destroyed 1 | . . . . . . . . 1 . . Builder 2 | . . . . . . . . 2 . . Best Kill Streak 1 | . . . . . . . . 1 . . Combat Bots Only . | . . . . . . . . . . . Max Kills in Single Turn 1 | . . . . . . . . 1 . . Gunslinging . | . . . . . . . . . . . Exploded . | . . . . . . . . . . . Melee . | . . . . . . . . . . . Uniques/NPCs Destroyed . | . . . . . . . . . . . Combat | -11 -10 -10 -10 -9 -8 -7 -7 -6 -5 -5 -------- Run | Scr Mat Min Exi Min Mat Fac DSF Fac Fac Gar Damage Taken 2709 | . . 25 . 20 558 . 151 945 . 1010 Core 1980 | . . 25 . 20 511 . 102 322 . 1000 Absorbed by Shields . | . . . . . . . . . . . Core Remaining (%) 67 | 100 . . . 82 7 . 85 62 . . Volleys Fired . | . . . . . . . . . . . Largest . | . . . . . . . . . . . Hottest . | . . . . . . . . . . . Shots Fired . | . . . . . . . . . . . Gun . | . . . . . . . . . . . Cannon . | . . . . . . . . . . . Launcher . | . . . . . . . . . . . Special . | . . . . . . . . . . . Kinetic . | . . . . . . . . . . . Thermal . | . . . . . . . . . . . Explosive . | . . . . . . . . . . . Electromagnetic . | . . . . . . . . . . . Robot Hit Streak . | . . . . . . . . . . . Robot Miss Streak . | . . . . . . . . . . . Penetration Max . | . . . . . . . . . . . Secondary Targets . | . . . . . . . . . . . Shots Hit Robots 2 | . . . . . . . . 2 . . Core Hits 3 | . . 1 . . . . . 1 . 1 Critical Kills . | . . . . . . . . . . . Critical Parts Destroyed . | . . . . . . . . . . . Critical Strikes . | . . . . . . . . . . . Melee Attacks 8 | . . . . . 3 . . 4 1 . Impact . | . . . . . . . . . . . Slashing 8 | . . . . . 3 . . 4 1 . Piercing . | . . . . . . . . . . . Sneak Attacks 2 | . . . . . . . . 2 . . Combat Hostiles . | . . . . . . . . . . . Follow-up Attacks . | . . . . . . . . . . . Damage Inflicted 169 | . . 15 . . 4 . . 120 . 30 Guns . | . . . . . . . . . . . Cannons . | . . . . . . . . . . . Explosions . | . . . . . . . . . . . Melee 120 | . . . . . . . . 120 . . Ramming 49 | . . 15 . . 4 . . . . 30 Kinetic . | . . . . . . . . . . . Thermal . | . . . . . . . . . . . Explosive . | . . . . . . . . . . . Electromagnetic . | . . . . . . . . . . . Impact . | . . . . . . . . . . . Slashing 120 | . . . . . . . . 120 . . Piercing . | . . . . . . . . . . . Highest Corruption 1 | . . . . . . . . 1 . . Average Corruption 1 | . . . . . . . . 1 . . Corruption Purged . | . . . . . . . . . . . Corruption Blocked . | . . . . . . . . . . . Effects 2 | . . . . . . . . 2 . . Message Errors 1 | . . . . . . . . 1 . . Energy Discharges 1 | . . . . . . . . 1 . . Overload Shots . | . . . . . . . . . . . Overflow Damage 22 | . . . . . . . . 22 . . Projectiles . | . . . . . . . . . . . Explosions . | . . . . . . . . . . . Melee 22 | . . . . . . . . 22 . . Knockbacks . | . . . . . . . . . . . Impact . | . . . . . . . . . . . Kinetic . | . . . . . . . . . . . Secondary . | . . . . . . . . . . . Self-Inflicted Damage 21 | . . 5 . . 2 . . . . 14 Shots . | . . . . . . . . . . . Rammed 14 | . . 7 . . 2 . . . . 5 Targets Rammed 14 | . . 7 . . 2 . . . . 5 Kicked . | . . . . . . . . . . . Crushed . | . . . . . . . . . . . Highest Temperature 8 | . . . . . . . . . . 8 Average Temperature 8 | . . . . . . . . . . 8 Received Heat Transfer 666 | . . 9 . . 234 . . 240 . 183 Siege Activations . | . . . . . . . . . . . Robots Corrupted . | . . . . . . . . . . . Combat Hostiles . | . . . . . . . . . . . Parts Fried . | . . . . . . . . . . . Impact Corruptions . | . . . . . . . . . . . Robots Melted . | . . . . . . . . . . . Combat Hostiles . | . . . . . . . . . . . Parts Melted . | . . . . . . . . . . . Heat Transferred . | . . . . . . . . . . . Parts Sabotaged . | . . . . . . . . . . . Parts Stolen . | . . . . . . . . . . . Parts Stripped . | . . . . . . . . . . . Power Chain Reactions . | . . . . . . . . . . . Missiles Intercepted . | . . . . . . . . . . . Alert | -11 -10 -10 -10 -9 -8 -7 -7 -6 -5 -5 ------- Run | Scr Mat Min Exi Min Mat Fac DSF Fac Fac Gar Peak Influence 211 | . . . . . 173 78 58 211 117 126 Initial 110 | . . . . . . 78 58 25 110 81 Average 74 | . . . . . 52 78 53 97 112 93 Maximum Alert Level 1 | . . . . . . . . 1 . . Low Security (%) 97 | 100 100 100 . 100 100 100 100 92 100 100 Level 1 2 | . . . . . . . . 7 . . Level 2 . | . . . . . . . . . . . Level 3 . | . . . . . . . . . . . Level 4 . | . . . . . . . . . . . Level 5 . | . . . . . . . . . . . High Security . | . . . . . . . . . . . Max Security . | . . . . . . . . . . . Squads Dispatched 11 | . . . . . 2 . . 7 2 . Investigation 6 | . . . . . . . . 4 2 . Extermination 1 | . . . . . . . . 1 . . Reinforcement 4 | . . . . . 2 . . 2 . . Assault . | . . . . . . . . . . . Garrison . | . . . . . . . . . . . Intercept . | . . . . . . . . . . . Searches Triggered . | . . . . . . . . . . . Construction Impeded . | . . . . . . . . . . . Haulers Reinforced . | . . . . . . . . . . . Active Scanning Responses . | . . . . . . . . . . . Cargo Convoy Interrupts . | . . . . . . . . . . . Stealth | -11 -10 -10 -10 -9 -8 -7 -7 -6 -5 -5 --------- Run | Scr Mat Min Exi Min Mat Fac DSF Fac Fac Gar Distress Signals 2 | . . . . . 1 . . 1 . . Communications Jammed . | . . . . . . . . . . . Distress Signals . | . . . . . . . . . . . Times Spotted 52 | . . 1 . 4 13 . 1 17 . 16 Peak Tracking Total 15 | . . 2 . 4 13 . 1 9 . 15 Tactical Retreats 9 | . . . . . 3 . . 4 . 2 Traps | -11 -10 -10 -10 -9 -8 -7 -7 -6 -5 -5 ------- Run | Scr Mat Min Exi Min Mat Fac DSF Fac Fac Gar Traps Triggered 2 | . . . . . . . . 1 . 1 Indirectly . | . . . . . . . . . . . Trap Hack Attempts . | . . . . . . . . . . . Triggered . | . . . . . . . . . . . Disarmed . | . . . . . . . . . . . Reprogrammed . | . . . . . . . . . . . Reused . | . . . . . . . . . . . Traps Extracted . | . . . . . . . . . . . Installed . | . . . . . . . . . . . Triggered . | . . . . . . . . . . . Machines | -11 -10 -10 -10 -9 -8 -7 -7 -6 -5 -5 ---------- Run | Scr Mat Min Exi Min Mat Fac DSF Fac Fac Gar Machines Disabled . | . . . . . . . . . . . Max in Single Turn . | . . . . . . . . . . . Machines Sabotaged . | . . . . . . . . . . . Overloaded Fab Kills . | . . . . . . . . . . . Hacking | -11 -10 -10 -10 -9 -8 -7 -7 -6 -5 -5 --------- Run | Scr Mat Min Exi Min Mat Fac DSF Fac Fac Gar Machines Accessed 9 | . . . . . 1 1 . 4 3 . Terminals 7 | . . . . . 1 1 . 4 1 . Fabricators 1 | . . . . . . . . . 1 . Repair Stations . | . . . . . . . . . . . Recycling Units . | . . . . . . . . . . . Scanalyzers . | . . . . . . . . . . . Garrison Access 1 | . . . . . . . . . 1 . Total Hacks 23 | . . . . . 5 1 . 9 8 . Successful 7 | . . . . . 2 1 . 1 3 . Failed 16 | . . . . . 3 . . 8 5 . Catastrophic 4 | . . . . . . . . 4 . . Database Lockouts . | . . . . . . . . . . . Manual 19 | . . . . . 5 . . 7 7 . Terminals 20 | . . . . . 5 1 . 9 5 . Fabricators 2 | . . . . . . . . . 2 . Repair Stations . | . . . . . . . . . . . Recycling Units . | . . . . . . . . . . . Scanalyzers . | . . . . . . . . . . . Garrison Access 1 | . . . . . . . . . 1 . Terminal Hacks 4 | . . . . . 1 1 . 1 1 . Open DSF 1 | . . . . . . 1 . . . . Level Access Points 1 | . . . . . . . . 1 . . Terminal Index 2 | . . . . . 1 . . . 1 . Fabricator Hacks . | . . . . . . . . . . . Repair Station Hacks . | . . . . . . . . . . . Recycling Unit Hacks . | . . . . . . . . . . . Scanalyzer . | . . . . . . . . . . . Garrison Access Hacks 1 | . . . . . . . . . 1 . Unlock Access 1 | . . . . . . . . . 1 . Unauthorized Hacks 2 | . . . . . 1 . . . 1 . Terminals 2 | . . . . . 1 . . . 1 . Botnet 2 | . . . . . 1 . . . 1 . Fabricators . | . . . . . . . . . . . Repair Stations . | . . . . . . . . . . . Recycling Units . | . . . . . . . . . . . Scanalyzers . | . . . . . . . . . . . Garrison Access . | . . . . . . . . . . . Data Cores Recovered . | . . . . . . . . . . . Used . | . . . . . . . . . . . Hacking Detections 7 | . . . . . 1 . . 4 2 . Full Trace Events 5 | . . . . . . . . 3 2 . Feedback Events . | . . . . . . . . . . . Feedback Blocked . | . . . . . . . . . . . Robot Schematics Acquired . | . . . . . . . . . . . Robots Built . | . . . . . . . . . . . Authchips . | . . . . . . . . . . . Time . | . . . . . . . . . . . Total Robot Build Rating . | . . . . . . . . . . . Part Schematics Acquired . | . . . . . . . . . . . Parts Built . | . . . . . . . . . . . Authchips . | . . . . . . . . . . . Time . | . . . . . . . . . . . Total Part Build Rating . | . . . . . . . . . . . Parts Repaired . | . . . . . . . . . . . Time . | . . . . . . . . . . . Parts Recycled . | . . . . . . . . . . . Recycled Matter . | . . . . . . . . . . . Retrieved Matter . | . . . . . . . . . . . Retrieved Components . | . . . . . . . . . . . Parts Scanalyzed . | . . . . . . . . . . . Part Schematics Acquired . | . . . . . . . . . . . Parts Damaged . | . . . . . . . . . . . Bothacking | -11 -10 -10 -10 -9 -8 -7 -7 -6 -5 -5 ------------ Run | Scr Mat Min Exi Min Mat Fac DSF Fac Fac Gar Used RIF Installer . | . . . . . . . . . . . Robots Hacked . | . . . . . . . . . . . Non-combat . | . . . . . . . . . . . Combat . | . . . . . . . . . . . Robot Hacks Applied . | . . . . . . . . . . . Relay Couplers Released . | . . . . . . . . . . . Fabnet Peak Effective % . | . . . . . . . . . . . Robots Rewired . | . . . . . . . . . . . Allies Hacked . | . . . . . . . . . . . Hacks Repelled . | . . . . . . . . . . . Allies | -11 -10 -10 -10 -9 -8 -7 -7 -6 -5 -5 -------- Run | Scr Mat Min Exi Min Mat Fac DSF Fac Fac Gar Total Allies . | . . . . . . . . . . . Largest Group . | . . . . . . . . . . . Highest-Rated Group . | . . . . . . . . . . . Highest-Rated Ally . | . . . . . . . . . . . Total Orders . | . . . . . . . . . . . Ally Attacks . | . . . . . . . . . . . Total Damage . | . . . . . . . . . . . Kills . | . . . . . . . . . . . Allies Corrupted . | . . . . . . . . . . . Allies Melted . | . . . . . . . . . . . Intel | -11 -10 -10 -10 -9 -8 -7 -7 -6 -5 -5 ------- Run | Scr Mat Min Exi Min Mat Fac DSF Fac Fac Gar Robot Analysis Total . | . . . . . . . . . . . Derelict Logs Recovered 1 | . . 1 . . . . . . . . Drone Launches . | . . . . . . . . . . . Drone Recoveries . | . . . . . . . . . . . Exploration | -11 -10 -10 -10 -9 -8 -7 -7 -6 -5 -5 ------------- Run | Scr Mat Min Exi Min Mat Fac DSF Fac Fac Gar Turns Passed 816 | 9 11 81 77 7 120 22 40 297 89 63 Spaces Moved 1333 | 18 17 148 154 13 212 43 65 414 163 86 Core 1333 | 18 17 148 154 13 212 43 65 414 163 86 Treads . | . . . . . . . . . . . Legs . | . . . . . . . . . . . Wheels . | . . . . . . . . . . . Hover . | . . . . . . . . . . . Flight . | . . . . . . . . . . . Fastest Speed 50 | 50 50 50 50 50 50 50 50 50 50 50 Average Speed 55 | 50 50 50 50 50 50 50 50 67 52 50 Slowest Speed 100 | 50 50 50 50 50 50 50 50 100 100 50 Overloaded Moves . | . . . . . . . . . . . Propulsion Burnouts . | . . . . . . . . . . . Robots Hopped . | . . . . . . . . . . . Cave-ins Triggered . | . . . . . . . . . . . Exploration Rate (%) 25 | 4 7 39 55 10 33 2 86 17 6 25 Regions Visited 10 Branch Regions 3 Pre-discovered Areas . | . . . . . . . . . . . Known Exits Taken 3 | . . . . . . 1 . 1 1 . Unknown Exits Taken 6 | 1 1 1 1 1 1 . . . . . Scrap Searched 1 | . . 1 . . . . . . . . Spaces Dug 6 | . . . . . 3 . . 2 1 . Terrain Destroyed 6 | . . . . . 3 . . 2 1 . Melee 6 | . . . . . 3 . . 2 1 . Projectile . | . . . . . . . . . . . AOE . | . . . . . . . . . . . Terrain Rammed . | . . . . . . . . . . . Walls Destroyed . | . . . . . . . . . . . Machines Disabled . | . . . . . . . . . . . Actions | -11 -10 -10 -10 -9 -8 -7 -7 -6 -5 -5 --------- Run | Scr Mat Min Exi Min Mat Fac DSF Fac Fac Gar Total 1377 | 17 18 154 153 12 220 42 69 422 164 106 Wait 2 | . . . . . 2 . . . . . Move 1322 | 17 16 147 153 12 211 42 64 413 162 85 Hop . | . . . . . . . . . . . Pick Up 5 | . 2 . . . 1 . 1 1 . . Fast Attach 8 | . . . . . 1 . 4 3 . . Attach 2 | . . . . . . . . 1 1 . Detach 1 | . . . . . . . . . . 1 Swap . | . . . . . . . . . . . Drop . | . . . . . . . . . . . Fire . | . . . . . . . . . . . Melee 8 | . . . . . 3 . . 4 1 . Ram 14 | . . 7 . . 2 . . . . 5 Kick . | . . . . . . . . . . . Crush . | . . . . . . . . . . . Escape Stasis 15 | . . . . . . . . . . 15 Rewire . | . . . . . . . . . . . Trap . | . . . . . . . . . . . Miscellaneous . | . . . . . . . . . . . Route ------- -11/Scrapyard -10/Materials -10/Mines -10/Exiles -9/Mines -8/Materials -7/Factory -7/DSF -6/Factory (discovered 4 exits: *Fac x4) -5/Factory -5/Garrison (discovered 1 exit: [*Fac]) History --------- Turn | Location | Event 3 | -11/Scrapyard | Discovered new exit (range 15) 10 | -11/Scrapyard | Entered Materials 11 | -10/Materials | Discovered new exit (range 14) 21 | -10/Materials | Entered Mines 54 | -10/Mines | Received a Rocket Launcher from a helpful Derelict 100 | -10/Mines | Deemed a non-threat by the Exiles lab entrance 100 | -10/Mines | Discovered new exit (range 5) 102 | -10/Mines | Entered Exiles 115 | -10/Exiles | Met 8R-AWN 124 | -10/Exiles | Met EX-HEX 137 | -10/Exiles | Met EX-BIN 143 | -10/Exiles | Aligned with FarCom system 143 | -10/Exiles | Given EX-Vault access code 157 | -10/Exiles | Met EX-DEC 173 | -10/Exiles | Discovered new exit (range 14) 179 | -10/Exiles | Entered Mines 182 | -9/Mines | Discovered new exit (range 8) 186 | -9/Mines | Entered Materials 186 | -8/Materials | Evolved 4 slots: Propulsion x2, Utility x2 271 | -8/Materials | Core integrity fell below 50% 297 | -8/Materials | Core integrity fell below 20% 300 | -8/Materials | Discovered new exit (range 13) 305 | -8/Materials | Build established: Mutant 306 | -8/Materials | Entered Factory 306 | -7/Factory | Evolved 2 slots: Propulsion x1, Utility x1 328 | -7/Factory | Identified exit to DSF 328 | -7/Factory | Entered DSF 361 | -7/DSF | Discovered new exit (range 14) 364 | -7/DSF | Additional patrols routed to DSF 368 | -7/DSF | Entered Factory 368 | -6/Factory | Evolved 2 slots: Propulsion x1, Utility x1 607 | -6/Factory | Identified exit to Factory 661 | -6/Factory | Lost 6 parts (3n2u1w) 665 | -6/Factory | Entered another Factory area 665 | -5/Factory | Evolved 2 slots: Utility x2 753 | -5/Factory | Identified exit to Garrison 754 | -5/Factory | Entered Garrison 785 | -5/Garrison | Triggered checkpoint 787 | -5/Garrison | Triggered checkpoint 806 | -5/Garrison | Discovered new exit (range 8) 807 | -5/Garrison | Core integrity fell below 50% 812 | -5/Garrison | Attempted to access garrison exit controls, blocked by remote lockdown 816 | -5/Garrison | Core integrity fell below 20% 817 | -5/Garrison | Destroyed by X-77 Beamer with Gatling Laser Last Messages --------------- 00768_ Field strength at 46. 00769_ Field strength at 40. 00770_ Field strength at 34. 00771_ Field strength at 28. 00772_ Field strength at 22. 00773_ Field strength at 16. 00774_ Field strength at 10. 00775_ Field strength at 4. 00776_ Stasis field depleted. 00785_ Beams of light sweep through the air. An alarm sounds. 00806_ EXIT=FOUND 00809_ Slammed into S-27 Virus. 00810_ Terrain Scan Processor broken. 00810_ Destabilizing: Short circuit. 00811_ Slammed into S-27 Virus. 00812_ Attempting to access garrison exit controls... 00812_ Remote lockdown engaged. 00812_ S-27 Virus destroyed. 00812_ Acquired 26 matter. 00816_ Slammed into S-27 Virus. Map ----- +----------------------------------------------------+ | ???????????????????????????????????????????????? | | ???????????????????????????????????????????????? | | ????????????????????!!!"???????????????????????? | | ???????????????????? "??????????????????????? | | ???????????????????? !"?????????????????????? | | ???????????????????? !"?????????????????????? | | ???????????????????? !??????????????????????? | | ???????????????????? !??????????????????????? | | ???????????????????? !??????????????????????? | | ???????????????????? ???????????????????????? | | ???????????????????? ???????????????????????? | | ????????????????????# #???????????????????????? | | ????????????????????# #???????????????????????? | | ????????????????????# #???????????????????????? | | ????????????????????# #???????????????#???????? | | ??????????????????### #??????????????? ???????? | | ??????????????????# =[ #??????????????# #??????? | | ??????????????????# <%*#??????????????# #??????? | | ??????????????????# s #??????????????# #??????? | | ??????????????????### s#??????????????# #??????? | | ????????????????????# s#??????????????# #??????? | | ????????????????????# s#??????????????# #??????? | | ????????????????????#ss#??????????????# #??????? | | ????????????????????# s#??????????????# #??????? | | ????????????????????#s%################ #######? | | ????????????????????# @ #? | | ????????????????????# s x x #? | | ????????????????????############## ###+#### #? | | ?????????????????????????????????#g #??????# #? | | ?????????????????????????????????# g#??????# #? | | ?????????????????????????????????# #??????# #? | | ?????????????????????????????????# #??????# #? | | ?????????????????????????????????# #??????# #? | | ?????????????????????????????????# #??g???# #? | | ?????????????????????????????????# #?????## ## | | ?????????????????????????????????# ####### | | ?????????????????????????????????# | | ?????????????????????????????????# | | ?????????????????????????????????########## ## | | ????????????????????????????????????????### ## | | ????????????????????????????????????????# | | ????????????????????????????????????????# | | ????????????????????????????????????????# | | ????????????????????????????????????????# | | ????????????????????????????????????????### ## | | ??????????????????????????????????????????# ## | | ??????????????????????????????????????????# | | ??????????????????????????????????????????# | | ??????????????????????????????????????????# | | ??????????????????????????????????????????## ## | +----------------------------------------------------+ Best States ------------- Heat Dissipation 40 Energy Generation 5 Energy Capacity 100 Matter Stores 300 Matter Capacity 300 Sight Range 16 Terrain Scan Range 20 Terrain Scan Density 85 Evasion (%) 50 Recoil Reduction 1 Item Schematics ----------------- None Robot Schematics ------------------ None Fabricated ------------ Nothing Alien Tech Used ----------------- None Achievements -------------- None Challenges ------------ None Game ------ Seed GuidanceMiningRigger Manual? 0 Play Time 00:14:27 Cumulative 880.4 hours Start 2023.01.08 @ 01:08:11 End 2023.01.08 @ 01:21:43 Sessions 1 Manual Loads 0 Difficulty Rogue Special Mode None Game No. 461 Rogue 334 Adventurer 125 Explorer 2 Win Type - Total 103 Types 83/7/7/1/2/0/0/2/1 Lore% 85 Gallery% 90 Achievement% 81 Wizard Run 0 Options --------- ASCII 0 Keyboard 1 Movement Numpad Keybinds 0 Fullscreen 1 Font 36/TerminusFine Map View 76x50 Tactical HUD 1 Map Filters NONE Filters NONE Steam 1 RUN: db78875d-03dd-4073-9550-3cc58fe05dfd